 Dungeon Crawl Stone Soup version 0.30.1-9-gdf580d7c3d (webtiles) character file.

Game seed: 14192375282471703484

1838 ChiefBigBeans the Trooper (level 8, -11/84 HPs)
             Began as a Troll Fighter on Sept 26, 2023.
             Was a Plaything of Xom.
             Mangled by laqueoix's ghost (16 damage)
             ... on level 5 of the Dungeon.
             The game lasted 00:13:11 (4727 turns).

ChiefBigBeans the Trooper (Troll Fighter)           Turns: 4727, Time: 00:13:12

Health: -11/84     AC:  6    Str: 24      XL:     8   Next: 87%
Magic:  7/7        EV: 10    Int:  5 (8)  God:    Xom [.....*]
Gold:   447        SH:  0    Dex:  8 (10) Spells: 7/7 levels left

rFire   . . .        h - +4 quarterstaff (chaos)
rCold   + + +        (shield currently unavailable)
rNeg    . . .        v - +0 robe {rC+}
rPois   .            (helmet restricted)
rElec   .            i - +1 cloak
rCorr   .            (gloves unavailable)
SInv    .            (boots unavailable)
Will    +....        (no amulet)
Stlth   +            q - ring of willpower
HPRegen 1.14/turn    e - ring of protection from cold
MPRegen 0.10/turn

%: no passive effects
@: no status effects
A: large, unfitting armour, claws 3, regeneration 1, shaggy fur 1, tough skin 1,
clever 1, cold resistance 1, subdued magic 1
a: Renounce Religion


You were on level 5 of the Dungeon.
You worshipped Xom.
You were Xom's teddy bear.
You visited 2 branches of the dungeon, and saw 6 of its levels.

You collected 447 gold pieces.

Inventory:

Hand Weapons
 h - a +4 quarterstaff of chaos (weapon)
Armour
 a - a +0 robe
 b - a +0 kite shield
 i - a +1 cloak (worn)
 v - a +0 robe of cold resistance (worn)
Jewellery
 e - a ring of protection from cold (right claw)
 p - a ring of ice
 q - a ring of willpower (left claw)
Wands
 f - a wand of light (11)
 j - a wand of mindburst (10)
 w - a wand of digging (7)
Scrolls
 d - 4 scrolls of identify
 n - 3 scrolls of teleportation
 r - a scroll of amnesia
 t - a scroll of fear
Potions
 c - a potion of might
 k - 3 potions of curing
 l - a potion of magic
 m - a potion of heal wounds
 o - a potion of degeneration
 u - a potion of haste


   Skills:
 + Level 6.8 Fighting
 + Level 6.1 Staves
 - Level 2.4 Dodging
 - Level 3.9 Shields
 - Level 3.6 Unarmed Combat


You had 7 spell levels left.
You didn't know any spells.
Your spell library contained the following spells:

 Spells                   Type           Power      Damage    Failure   Level
 Blink                    Tloc           0%         N/A       58%         2
 Lesser Beckoning         Tloc           0%         N/A       58%         2
 Sublimation of Blood     Necr           0%         N/A       58%         2
 Wereblood                Tmut           0%         N/A       58%         2
 Frozen Ramparts          Ice            0%         1d1       82%         3
 Gell's Gravitas          Tloc           0%         N/A       82%         3
 Teleport Other           Tloc           0%         N/A       82%         3
 Ice Form                 Ice/Tmut       0%         N/A       99%         4
 Manifold Assault         Tloc           0%         N/A       99%         4
 Summon Ice Beast         Ice/Summ       0%         N/A       99%         4
 Storm Form               Tmut/Air       0%         N/A       100%        7
 Summon Hydra             Summ           0%         N/A       100%        7


Dungeon Overview and Level Annotations

Branches:
Dungeon (5/15)             Temple (1/1) D:5

Altars:
Ashenzari
Cheibriados
Dithmenos
Elyvilon
Fedhas
Hepliaklqana
Kikubaaqudgha
Makhleb
Nemelex Xobeh
Okawaru
Qazlal
Ru
Sif Muna
Uskayaw
Vehumet
Wu Jian
Xom
Yredelemnul
Zin

Shops:
D:5 [=*

Annotations:
D:5 laqueoix's ghost, novice DsGl


Innate Abilities, Weirdness & Mutations

You are too large for most types of armour.
You have claws for hands.
Your natural rate of healing is unusually fast.
You are covered in fur. (AC +1)
You have tough skin. (AC +1)
Your mind is acute. (Int +4, Str/Dex -1)
Your flesh is cold resistant. (rC+)
Your spells are a little easier to cast, but a little less powerful.


Message History

Laqueoix's ghost barely misses you.
You hit laqueoix's ghost but do no damage.
Laqueoix's ghost suddenly seems more agile.
Laqueoix's ghost is moderately damaged.
Laqueoix's ghost hits you but does no damage.
You closely miss laqueoix's ghost.
Laqueoix's ghost is moderately damaged.
Laqueoix's ghost hits you but does no damage.
You hit laqueoix's ghost but do no damage.
Space warps horribly around laqueoix's ghost!!
Laqueoix's ghost is severely damaged.
Laqueoix's ghost hits you. Laqueoix's ghost burns you.
You sock laqueoix's ghost! You freeze laqueoix's ghost.
Laqueoix's ghost is almost destroyed.
Laqueoix's ghost hits you!
* * * LOW HITPOINT WARNING * * *
Laqueoix's ghost burns you.
* * * LOW HITPOINT WARNING * * *
You miss laqueoix's ghost.
Laqueoix's ghost is almost destroyed. "Get over here!"
Laqueoix's ghost blinks!
You are now Xom's teddy bear.
Laqueoix's ghost barely misses you.
Things that are here:
a bullfrog corpse; an adder corpse You miss laqueoix's ghost.
Laqueoix's ghost is almost destroyed.
Laqueoix's ghost hits you!
* * * LOW HITPOINT WARNING * * *
Laqueoix's ghost burns you.
* * * LOW HITPOINT WARNING * * *
You barely miss laqueoix's ghost.
Laqueoix's ghost is almost destroyed.
Laqueoix's ghost hits you but does no damage.
You closely miss laqueoix's ghost.
Laqueoix's ghost is almost destroyed.
Laqueoix's ghost hits you!
You die...
Xom roars with laughter!

......# ### #....# ..# #....#
..# #....# ..### ##..##
######### ....# #..# ##.#~~~~~~
..#.##### #..###(.'~~~~!~
........## #..#....#~~~~~~
..###....#####..@###########
.)###........#.#.W.........#.
...##.###..#.................
....#'#.##................#
..###...##...#............#
..#..⌠.⌠.+................#
..##..∩..##..#)...........#
...'.⌠.⌠..#.>.............#
.####...###...............######


You could see laqueoix's ghost (agile).

Vanquished Creatures
  Pikel (D:5)
  Sigmund (D:5)
  Duvessa (D:5)
  A centaur (D:5)
  An ogre (D:5)
  3 lemures (D:5)
  A bullfrog (D:5)
  2 scorpions
  Dowan (D:5)
  2 hounds
  Crazy Yiuf (D:3)
  A gnoll bouda (D:4)
  2 orc priests
  A jelly (D:5)
  A sleepcap (D:4)
  Ijyb (D:3)
  Terence (D:3)
  An iguana (D:5)
  2 orc wizards (D:3)
  Natasha (thrice) (D:4)
  Robin (D:3)
  4 gnolls (D:4)
  8 adders
  A white imp (D:5)
  An ufetubus (D:3)
  3 worms (D:2)
  A dart slug (D:1)
  13 orcs
  3 endoplasms
  6 giant cockroaches
  10 goblins
  5 hobgoblins
  7 kobolds
  3 quokkas
  8 ball pythons
  2 bats (D:2)
  4 frilled lizards
  6 rats
114 creatures vanquished.

Vanquished Creatures (collateral kills)
  A scorpion (D:5)
1 creature vanquished.

Grand Total: 115 creatures vanquished

Notes
Turn   | Place    | Note
-------+----------+-------------------------------------------
     0 | D:1      | ChiefBigBeans the Troll Fighter began the quest for the
                  | Orb.
     0 | D:1      | Reached XP level 1. HP: 22/22 MP: 0/0
   220 | D:1      | Reached XP level 2. HP: 29/29 MP: 1/1
   692 | D:1      | Gained mutation: You have hidden genetic defects. [potion
                  | of mutation]
   692 | D:1      | Lost mutation: You have hidden genetic defects. [potion of
                  | mutation]
   907 | D:2      | Reached XP level 3. HP: 35/36 MP: 2/2
  1419 | D:2      | Gained mutation: Your spells are a little easier to cast,
                  | but a little less powerful. [potion of mutation]
  1419 | D:2      | Gained mutation: Your mind is acute. (Int +4, Str/Dex -1)
                  | [potion of mutation]
  1939 | D:3      | Reached XP level 4. HP: 45/45 MP: 3/3
  1986 | D:3      | HP: 2/45 [orc wizard/+0 dagger (1)]
  2003 | D:3      | Reached XP level 5. HP: 24/53 MP: 4/4
  2182 | D:3      | Identified the +9 mace of the Skies Above {venom, *Noise
                  | rN+++ Dex+2}
  2229 | D:3      | Found a runed translucent door.
  2230 | D:3      | Noticed Crazy Yiuf
  2238 | D:3      | Killed Crazy Yiuf
  2287 | D:3      | Noticed Ijyb
  2293 | D:3      | Killed Ijyb
  2294 | D:3      | Reached skill level 1 in Staves
  2431 | D:3      | Noticed Robin
  2441 | D:3      | Killed Robin
  2516 | D:3      | Noticed Terence
  2530 | D:3      | Killed Terence
  2531 | D:3      | Reached XP level 6. HP: 27/61 MP: 5/5
  2719 | D:3      | Found a faded altar of an unknown god.
  3255 | D:4      | Noticed Natasha
  3259 | D:4      | Killed Natasha
  3339 | D:4      | Noticed Natasha
  3346 | D:4      | Killed Natasha
  3470 | D:4      | Reached XP level 7. HP: 27/70 MP: 6/6
  3682 | D:4      | Noticed Natasha
  3689 | D:4      | Killed Natasha
  3746 | D:5      | Entered Level 5 of the Dungeon
  3792 | D:5      | Found a staircase to the Ecumenical Temple.
  3836 | D:5      | Found a runed translucent door.
  3865 | Temple   | Entered the Ecumenical Temple
  4079 | Temple   | Became a worshipper of Xom of Chaos
  4109 | D:5      | Found Filaynlo's Fire Supplies.
  4117 | D:5      | XOM: divination: magic mapping
  4160 | D:5      | XOM: divination: detect items
  4216 | D:5      | Found Yzinkici's Jewellery Shoppe.
  4233 | D:5      | Noticed Sigmund
  4238 | D:5      | Killed Sigmund
  4239 | D:5      | Reached skill level 5 in Fighting
  4242 | D:5      | Found a hazy altar of Hepliaklqana.
  4250 | D:5      | XOM: silly message
  4254 | D:5      | Reached XP level 8. HP: 27/81 MP: 7/7
  4332 | D:5      | Noticed Dowan
  4404 | D:5      | Killed Dowan
  4408 | D:5      | XOM: enchant monster (good)
  4410 | D:5      | XOM: enchant monster (bad)
  4410 | D:5      | Noticed Duvessa
  4423 | D:5      | Killed Duvessa
  4426 | D:5      | XOM: summons 7 friendly demons
  4431 | D:5      | Reached skill level 5 in Staves
  4477 | D:5      | Found Oziejuof's Armour Shop.
  4481 | D:5      | Noticed Pikel
  4483 | D:5      | XOM: summons friendly ufetubus
  4494 | D:5      | Killed Pikel
  4626 | D:5      | XOM: give mutation
  4626 | D:5      | Gained mutation: Your flesh is cold resistant. (rC+) [Xom's
                  | mischief]
  4689 | D:5      | Noticed laqueoix's ghost (novice DsGl)
  4704 | D:5      | XOM: smoke on damage
  4706 | D:5      | XOM: snakes to sticks
  4723 | D:5      | XOM: blink monster(s)
  4725 | D:5      | HP: 3/84 [laqueoix's ghost (3)]
  4727 | D:5      | Mangled by laqueoix's ghost

Illustrated notes

Levels and vault maps discovered:
D:1:      onia_arrival_pyramid, layout_basic
D:2:      layout_basic, minmay_misc_feat_chi
D:3:      layout_loops_ring, ebering_ecumenical_altar_hall, serial_bayou,
          serial_bayou_pond_a, serial_bayou_pond_d, serial_bayou_lagoon_a,
          serial_bayou_shore_b, serial_bayou_shore_a, serial_bayou_pond_c,
          uniq_ijyb, uniq_robin, uniq_terence, uniq_crazy_yiuf_cottage
D:4:      layout_basic, minmay_fractal_squares_gapless_5, uniq_natasha
D:5:      layout_rooms, nicolae_hepliaklqana_hazy_memory, temple_pool_b,
          serial_shops, shop, nicolae_shop_rolling_square,
          ebering_ghost_sewer_f, minmay_misc_feat_x, nicolae_shop_fire_sale
          [nicolae_sub_dead_trees], uniq_duvessa, uniq_sigmund, uniq_pikel
Temple:   eino_narrow_crystal_temple

Skill      XL: |  1  2  3  4  5  6  7  8 |
---------------+-------------------------+-----
Shields        | 3 |  3.9
Fighting       | 3 4 5 6 |  6.8
Unarmed Combat | 3 |  3.6
Staves         | 1 3 4 6 |  6.1
Dodging        | |  2.4

Action                     |  1- 3 |  4- 6 |  7- 9 || total
---------------------------+-------+-------+-------++-------
  Melee: Unarmed           |   117 |    72 |       ||   189
         Quarterstaff      |       |    84 |   121 ||   205
    Use: Scroll            |     7 |     1 |     8 ||    16
         Potion            |     7 |     1 |     3 ||    11
   Stab: Distracted        |       |       |     1 ||     1
 Armour: Robe              |    37 |    46 |    38 ||   121
  Dodge: Dodged            |    44 |    80 |    81 ||   205
  Block: Kite shield       |    47 |    20 |       ||    67
